 Dungeon Crawl Stone Soup version 0.30.0-15-g856e2d3f33 (webtiles) character file.

Game seed: 10877970368501599118

91165 LobsterGuardian the Severer (level 16, -6/159 HPs)
             Began as a Hill Orc Monk on May 18, 2023.
             Was a High Priest of Beogh.
             Mangled by a deep troll simulacrum (12 damage)
             ... on level 2 of the Swamp on May 19, 2023.
             The game lasted 01:37:12 (28598 turns).

LobsterGuardian the Severer (Hill Orc Monk)        Turns: 28598, Time: 01:37:13

Health: -6/159     AC: 34    Str: 22    XL:     16   Next: 2%
Magic:  20/20      EV:  7    Int: 10    God:    Beogh [*****.]
Gold:   1342       SH:  0    Dex: 13    Spells: 15/15 levels left

rFire   + + .        N - +5 executioner's axe (venom)
rCold   + . .        (shield currently unavailable)
rNeg    . . .        R - +10 plate armour {ponderous}
rPois   +            F - +2 helmet
rElec   .            S - scarf {rC+ rF+}
rCorr   .            I - +0 pair of gloves
SInv    .            q - +0 pair of boots
Will    +....        M - amulet of magic regeneration Stlth
                     k - ring of poison resistance
HPRegen 0.46/turn    y - ring of protection from fire
MPRegen 0.57/turn

%: no passive effects
@: about to teleport, constricted, studying Armour, slow
A: walk on water
a: Renounce Religion, Smiting, Recall Orcish Followers, Give Item to Named
Follower


You were on level 2 of the Swamp.
You worshipped Beogh.
Beogh was extremely pleased with you.
You visited 5 branches of the dungeon, and saw 26 of its levels.

You collected 2819 gold pieces.
You spent 1477 gold pieces at shops.

Inventory:

Hand Weapons
 E - a +4 war axe of electrocution
 N - a +5 executioner's axe of venom (weapon)
Armour
 a - a +4 chain mail of poison resistance
 d - an orb of light
 q - a +0 pair of boots (worn)
 F - a +2 helmet (worn)
 I - a +0 pair of gloves (worn)
 R - a +10 plate armour of ponderousness (worn)
 S - a scarf of resistance (worn)
Jewellery
 k - a ring of poison resistance (left hand)
 o - a ring of wizardry
 y - a ring of protection from fire (right hand)
 J - a ring of resist corrosion
 M - an amulet of magic regeneration (around neck)
 Q - a ring of protection from fire
Wands
 c - a wand of flame (54)
 j - a wand of polymorph (10)
 r - a wand of light (1)
 w - a wand of digging (7)
 B - a wand of paralysis (11)
Scrolls
 e - 4 scrolls of magic mapping
 f - 3 scrolls of vulnerability
 g - 11 scrolls of enchant armour
 h - 2 scrolls of brand weapon
 i - 2 scrolls of summoning
 l - 3 scrolls of teleportation
 n - 2 scrolls of fear
 p - 4 scrolls of fog
 u - a scroll of silence
 v - 7 scrolls of identify
 D - 2 scrolls of torment
 H - 5 scrolls of blinking
 L - 2 scrolls of poison
 O - 3 scrolls of amnesia
Potions
 b - 3 potions of attraction
 m - 12 potions of curing
 t - 2 potions of might
 z - a potion of resistance
 A - 3 potions of cancellation
 C - 2 potions of magic
 K - 2 potions of brilliance
 P - 2 potions of flight
 T - 2 potions of haste


   Skills:
 + Level 18.7 Fighting
 * Level 19.6 Axes
 + Level 16.7 Armour
 + Level 7.5 Dodging
 + Level 6.4 Invocations


You had 15 spell levels left.
You didn't know any spells.
Your spell library contained the following spells:

 Spells                   Type           Power      Damage    Failure   Level
 Freeze                   Ice            0%         1d3       97%         1
 Sandblast                Erth           0%         2d4       97%         1
 Lesser Beckoning         Tloc           0%         N/A       99%         2
 Passwall                 Tmut/Erth      0%         N/A       99%         2
 Sublimation of Blood     Necr           0%         N/A       99%         2
 Wereblood                Tmut           0%         N/A       99%         2
 Frozen Ramparts          Ice            0%         1d1       100%        3
 Gell's Gravitas          Tloc           0%         N/A       100%        3
 Hailstorm                Conj/Ice       0%         3d3       100%        3
 Stone Arrow              Conj/Erth      0%         3d7       100%        3
 Teleport Other           Tloc           0%         N/A       100%        3
 Animate Armour           Summ/Erth      0%         N/A       100%        4
 Cause Fear               Hex            0%         N/A       100%        4
 Leda's Liquefaction      Hex/Erth       0%         N/A       100%        4
 Petrify                  Tmut/Erth      0%         N/A       100%        4
 Summon Lightning Spire   Summ/Air       0%         N/A       100%        4
 Blade Hands              Tmut           0%         N/A       100%        5
 Freezing Cloud           Conj/Ice/Air   0%         6-21      100%        5
 Conjure Ball Lightning   Conj/Air       0%         3x3d6     100%        6
 Dispersal                Tloc           0%         N/A       100%        6
 Iron Shot                Conj/Erth      0%         9d1       100%        6
 Plasma Beam              Fire/Air       0%         2x1d11    100%        6
 Simulacrum               Ice/Necr       0%         N/A       100%        6
 Statue Form              Tmut/Erth      0%         N/A       100%        6
 Dragon Form              Tmut           0%         N/A       100%        7
 Enfeeble                 Hex            0%         N/A       100%        7
 Summon Hydra             Summ           0%         N/A       100%        7
 Discord                  Hex            0%         N/A       100%        8
 Disjunction              Tloc           0%         N/A       100%        8
 Infestation              Necr           0%         N/A       100%        8
 Lehudib's Crystal Spear  Conj/Erth      0%         10d2      100%        8
 Maxwell's Capacitive Co  Air            0%         ∞         100%        8
 Dragon's Call            Summ           0%         N/A       100%        9


Dungeon Overview and Level Annotations

Branches:
Dungeon (15/15)            Temple (0/1) D:5            Lair (5/5) D:9
  Swamp (2/4) Lair:2        Snake (2/4) Lair:2        Slime (0/5) Lair:4
    Orc (2/2) D:10            Elf (0/3) Orc:2        Vaults (0/5) D:14
 Depths (0/4) D:15

Altars:
Dithmenos
Elyvilon
Fedhas
Gozag
Kikubaaqudgha
Nemelex Xobeh
Okawaru
Qazlal
Trog
Uskayaw
Vehumet
Yredelemnul
Beogh
Jiyva

Shops:
D:4 !   D:10 **   D:15 !   Orc:2 (:[*   Snake:1 :

Portals:
Ice
Cave: Swamp:2

Annotations:
D:5 1 runed translucent door, Crazy Yiuf
D:10 3 runed translucent doors, AverageBear's ghost, novice OpFi
Swamp:2 Nergalle


Message History

The deep troll simulacrum freezes Nergalle!!
Nergalle dies!
You hear a splash. x2
You escape the anaconda simulacrum's grasp.
The minotaur simulacrum hits Brandogh!
The minotaur simulacrum freezes Brandogh!!
The minotaur simulacrum gores Brandogh!
The minotaur simulacrum freezes Brandogh!
The spriggan rider hits you but does no damage.
The anaconda simulacrum grabs Brandogh.
The anaconda simulacrum bites Brandogh.
The anaconda simulacrum freezes Brandogh!!
Brandogh dies!
You hear a splash. x2
You see here a scroll of immolation.
Unknown command.
You slash the spriggan defender simulacrum!
The spriggan defender simulacrum is heavily damaged.
You barely miss the deep troll simulacrum.
The spriggan defender simulacrum splashes around in the water.
The spriggan rider hits you but does no damage.
The anaconda simulacrum grabs you.
The anaconda simulacrum bites you but does no damage.
The anaconda simulacrum constricts you.
The spriggan defender simulacrum hits you!
The spriggan defender simulacrum freezes you!
You resist.
* * * LOW HITPOINT WARNING * * *
Unknown command.
Unknown command.
As you read the scroll of teleportation, it crumbles to dust.
You feel strangely unstable.
The anaconda simulacrum bites you but does no damage.
The anaconda simulacrum constricts you. The deep troll simulacrum bites you!
* * * LOW HITPOINT WARNING * * *
The deep troll simulacrum freezes you! You resist.
* * * LOW HITPOINT WARNING * * *
The deep troll simulacrum claws you!
* * * LOW HITPOINT WARNING * * *
The deep troll simulacrum freezes you! You resist.
You die...

♣♣ ♣♣§♣ ♣♣.~.
... §♣♣♣♣♣ ..♣
~).~♣~♣♣♣~♣♣
~......~~i§♣
♣.~~....~<♣
.§~~.~~§@~♣
~♣.~~ZZZZ♣
.~~.~~~ZZ.~.~~.
.~♣~....~~♣♣...
♣♣~♣§.~.?~ ♣♣
♣.~♣.....~~ .~.
......~~~. ♣..
....∩...~.~ ♣..
§~.........


You could see a spriggan rider, an anaconda simulacrum, a lindwurm simulacrum, a
spriggan defender simulacrum, a minotaur simulacrum and 2 deep troll simulacra.

Vanquished Creatures
  Jorgrun (Orc:2)
  An orc warlord (Orc:2)
  Josephine (D:11)
  3 vault guards (D:14)
  Harold (Lair:2)
  Fannar (D:10)
  3 hydras
  A death knight (D:14)
  An anaconda (Snake:1)
  A salamander tyrant (Snake:1)
  A catoblepas (Lair:4)
  2 boulder beetles
  2 tengu warriors (D:13)
  4 two-headed ogres
  2 naga warriors (Snake:1)
  A death yak (Lair:4)
  2 salamander mystics (Snake:1)
  A bog body (Swamp:1)
  A spriggan simulacrum (Swamp:2)
  Pikel (D:4)
  An orc sorcerer (Orc:2)
  An orc knight (D:15)
  An oklob plant (Lair:2)
  A salamander (Snake:1)
  2 manticores
  A will-o-the-wisp (Swamp:1)
  4 cyclopes
  4 ugly things
  4 elephants
  A naga mage (Snake:1)
  A black mamba (Lair:3)
  Psyche (D:10)
  4 cane toads
  5 komodo dragons
  An efreet (D:14)
  2 rime drakes
  An unseen horror (D:11)
  3 tyrant leeches (Swamp:1)
  6 trolls
  Prince Ribbit (D:5)
  3 polar bears
  3 hornets (Lair:5)
  5 blink frogs
  4 dream sheep
  5 slime creatures
  6 spriggans (Lair:5)
  4 wyverns
  27 yaks
  9 wraiths
  3 basilisks
  A steam dragon (D:9)
  8 vampire mosquitoes
  A redback simulacrum (D:15)
  2 wargs
  2 nagas (Snake:1)
  7 swamp worms
  2 acid dragons
  6 water moccasins
  Duvessa (D:5)
  4 orc warriors
  3 sky beasts
  3 ice beasts
  4 black bears
  A hornet zombie (D:8)
  4 ogres
  3 boggarts (Lair:5)
  6 centaurs
  25 wolves
  3 lemures (D:4)
  Blork the orc (D:4)
  A kobold brigand (D:11)
  7 bullfrogs
  4 gnoll sergeants
  5 scorpions
  2 wyvern zombies (D:8)
  8 wights
  Dowan (D:5)
  4 killer bees
  An electric eel (Lair:4)
  6 howler monkeys
  A centaur zombie (D:8)
  3 jellies
  6 orc priests
  A hound (D:5)
  Jessica (D:3)
  Ijyb (D:3)
  7 iguanas
  11 orc wizards
  Natasha (thrice) (D:2)
  6 hell rats (Lair:1)
  A howler monkey zombie (D:8)
  9 adders
  A shadow imp (D:5)
  A worm (D:2)
  4 dart slugs
  14 orcs
  6 ball pythons
  7 bats
  4 endoplasms
  10 giant cockroaches
  7 hobgoblins
  A jackal (D:3)
  5 kobolds
  2 quokkas
  5 frilled lizards
  3 goblins
  6 rats
397 creatures vanquished.

Vanquished Creatures (collateral kills)
  Rupert (Lair:5)
  Mlioglotl (Swamp:1)
  Frances (Swamp:1)
  Donald (Orc:2)
  A salamander tyrant (Snake:1)
  A vault guard (D:14)
  A catoblepas (Lair:2)
  An ogre mage (D:14)
  A ghost crab (Swamp:1)
  8 hydras
  2 centaur warriors
  An alligator (Swamp:1)
  3 boulder beetles
  4 orc high priests (Orc:2)
  A naga warrior (Snake:1)
  4 death yaks (Lair:4)
  A deep elf knight (D:14)
  A skyshark (Lair:1)
  2 salamander mystics (Snake:1)
  A shadow wraith (D:14)
  A bog body (Swamp:1)
  2 orc knights (Orc:2)
  A deep elf zephyrmancer (D:15)
  A necromancer (D:15)
  3 manticores
  3 ugly things (D:14)
  An orc sorcerer (Orc:2)
  2 mana vipers (Snake:1)
  7 salamanders (Snake:1)
  2 deep elf pyromancers
  7 elephants
  2 cyclopes
  A will-o-the-wisp (Swamp:1)
  A black mamba (Lair:2)
  A guardian serpent (Snake:1)
  A naga mage (D:15)
  A black mamba (shapeshifter) (D:14)
  3 cane toads
  A gargoyle (D:14)
  A komodo dragon (Lair:4)
  A freezing wraith (D:13)
  A tengu conjurer (D:14)
  3 meliai (D:14)
  5 polar bears
  3 hornets
  5 trolls
  A meliai zombie (D:15)
  2 dream sheep (Lair:3)
  4 blink frogs
  13 slime creatures
  6 spriggans
  A basilisk (D:9)
  19 yaks
  A wraith (D:11)
  7 vampire mosquitoes
  4 wargs
  An acid dragon (D:14)
  4 nagas
  4 water moccasins
  A black bear (Lair:5)
  14 orc warriors
  An ogre (shapeshifter) (D:14)
  13 wolves
  2 boggarts (Lair:5)
  6 bullfrogs
  A wight (D:8)
  A killer bee (D:8)
  A howler monkey (D:8)
  2 centaur zombies (D:8)
  9 orc priests
  8 orc wizards
  A boggart zombie (D:15)
  A killer bee zombie (D:8)
  A howler monkey zombie (D:8)
  12 orcs
  2 kobolds (D:11)
240 creatures vanquished.

Vanquished Creatures (others)
  An orc warlord (Orc:2)
  Nergalle (twice) (Snake:1 Swamp:2)
  14 orc warriors
  9 orc knights
  3 orc sorcerers
  A bloated husk (Swamp:1)
  12 orc wizards
  14 orc priests
  37 orcs
  A goblin (D:3)
  9 foxfires (Swamp:1)
103 creatures vanquished.

Grand Total: 740 creatures vanquished

Notes
Turn   | Place    | Note
-------+----------+-------------------------------------------
     0 | D:1      | LobsterGuardian the Hill Orc Monk began the quest for the
                  | Orb.
     0 | D:1      | Reached XP level 1. HP: 19/19 MP: 1/1
   116 | D:1      | Reached XP level 2. HP: 16/26 MP: 2/2
   189 | D:1      | Reached skill level 5 in Axes
   283 | D:1      | Reached XP level 3. HP: 28/31 MP: 3/3
   441 | D:1      | Got Khufu's Excursus on the Mausoleum
   633 | D:2      | Reached skill level 6 in Axes
   869 | D:2      | Reached XP level 4. HP: 37/39 MP: 4/4
  1018 | D:2      | Noticed Natasha
  1025 | D:2      | Killed Natasha
  1105 | D:2      | Reached skill level 7 in Axes
  1107 | D:2      | Found an iron altar of Okawaru.
  1107 | D:2      | Noticed Natasha
  1118 | D:2      | Killed Natasha
  1119 | D:2      | Reached XP level 5. HP: 33/45 MP: 5/5
  1123 | D:2      | Noticed Natasha
  1138 | D:2      | Killed Natasha
  1766 | D:3      | Reached skill level 8 in Axes
  2005 | D:3      | Became a worshipper of Beogh the Brigand
  2005 | D:3      | Reached * piety under Beogh
  2005 | D:3      | Reached ** piety under Beogh
  2052 | D:3      | Reached skill level 1 in Armour
  2052 | D:3      | Reached XP level 6. HP: 40/52 MP: 6/6
  2111 | D:3      | Noticed Jessica
  2116 | D:3      | Killed Jessica
  2125 | D:3      | Noticed Ijyb
  2130 | D:3      | Paralysed by Ijyb for 2 turns
  2141 | D:3      | Paralysed by Ijyb for 2 turns
  2148 | D:3      | Killed Ijyb
  2433 | D:4      | Found Havuedi's Distillery.
  2444 | D:4      | Noticed Pikel
  2456 | D:4      | Killed Pikel
  2457 | D:4      | Reached skill level 5 in Fighting
  2457 | D:4      | Reached skill level 10 in Axes
  2457 | D:4      | Reached XP level 7. HP: 30/61 MP: 7/7
  2590 | D:4      | Reached XP level 8. HP: 69/69 MP: 8/8
  2656 | D:4      | Found a shadowy altar of Dithmenos.
  2981 | D:4      | Noticed Blork the orc
  2998 | D:4      | Killed Blork the orc
  3319 | D:5      | Entered Level 5 of the Dungeon
  3338 | D:5      | Noticed Prince Ribbit
  3352 | D:5      | Killed Prince Ribbit
  3519 | D:5      | Noticed Dowan
  3523 | D:5      | Noticed Duvessa
  3538 | D:5      | Killed Duvessa
  3538 | D:5      | Killed Dowan
  3539 | D:5      | Reached skill level 11 in Axes
  3608 | D:5      | Found an ancient bone altar of Kikubaaqudgha.
  3608 | D:5      | Found a bloodstained altar of Trog.
  3762 | D:5      | Reached XP level 9. HP: 34/78 MP: 9/9
  4064 | D:5      | Reached skill level 5 in Armour
  4075 | D:5      | Found a staircase to the Ecumenical Temple.
  4352 | D:5      | Found a runed translucent door.
  4353 | D:5      | Noticed Crazy Yiuf
  4555 | D:6      | Gained mutation: You are frail. (-10% HP) [potion of
                  | mutation]
  4555 | D:6      | Gained mutation: You have an increased reservoir of magic.
                  | (+10% MP) [potion of mutation]
  4565 | D:6      | Reached skill level 12 in Axes
  5283 | D:7      | Reached *** piety under Beogh
  5442 | D:7      | Reached skill level 13 in Axes
  5672 | D:8      | Reached XP level 10. HP: 64/81 MP: 11/11
  5835 | D:8      | Found a radiant altar of Vehumet.
  5835 | D:8      | Found a white marble altar of Elyvilon.
  6222 | D:8      | Found a basalt altar of Yredelemnul.
  6944 | D:9      | Reached skill level 10 in Fighting
  6949 | D:9      | Reached skill level 14 in Axes
  6956 | D:9      | Noticed a green ugly thing
  7166 | D:9      | Reached **** piety under Beogh
  7606 | D:9      | Killed a green ugly thing
  7737 | D:9      | Found a staircase to the Lair.
  8076 | D:9      | Found a stormy altar of Qazlal.
  8420 | D:10     | Entered Level 10 of the Dungeon
  8460 | D:10     | Reached XP level 11. HP: 83/90 MP: 12/12
  8612 | D:10     | Found a staircase to the Orcish Mines.
  8619 | D:10     | Found a roughly hewn altar of Beogh.
  8824 | D:10     | Noticed Psyche
  8830 | D:10     | Noticed Fannar
  8832 | D:10     | Killed Psyche
  8837 | D:10     | Reached skill level 15 in Axes
  9022 | D:10     | Found a runed translucent gate.
  9185 | D:10     | Found Dehoid's General Store.
  9591 | D:10     | Found a runed translucent gate.
  9591 | D:10     | Found an opulent altar of Gozag.
  9592 | D:10     | Found a runed translucent gate.
  9598 | D:10     | Noticed AverageBear's ghost (novice OpFi)
  9599 | D:10     | Found Deuskah's Assorted Antiques.
  9635 | D:10     | Reached skill level 10 in Armour
 10093 | D:10     | Noticed a two-headed ogre
 10107 | D:10     | Killed a two-headed ogre
 10507 | D:10     | HP: 4/91 [Fannar/bolt of cold (31)]
 10508 | D:10     | Killed Fannar
 11332 | D:11     | Noticed a two-headed ogre
 11338 | D:11     | Killed a two-headed ogre
 11339 | D:11     | Reached skill level 1 in Invocations
 11587 | D:11     | Noticed a brown ugly thing
 11597 | D:11     | Killed a brown ugly thing
 11598 | D:11     | Reached XP level 12. HP: 99/99 MP: 14/14
 11843 | D:11     | Noticed Josephine
 11850 | D:11     | Killed Josephine
 12386 | D:11     | Got the Almanac of Combined Ozone
 12397 | D:11     | Reached skill level 16 in Axes
 12611 | D:12     | Noticed Nergalle
 12833 | D:12     | Found a sparkling altar of Nemelex Xobeh.
 12889 | D:12     | Noticed a two-headed ogre
 12894 | D:12     | Killed a two-headed ogre
 13889 | D:13     | Noticed a tengu warrior
 13891 | D:13     | Noticed a tengu warrior
 13897 | D:13     | Killed a tengu warrior
 13904 | D:13     | Killed a tengu warrior
 14080 | Lair:1   | Entered Level 1 of the Lair of Beasts
 14087 | Lair:1   | Reached ***** piety under Beogh
 14471 | Lair:1   | Noticed a skyshark
 14477 | Lair:1   | Killed a skyshark
 14673 | Lair:1   | Lost mutation: You are frail. (-10% HP) [potion of
                  | mutation]
 14673 | Lair:1   | Lost mutation: You have an increased reservoir of magic.
                  | (+10% MP) [potion of mutation]
 14673 | Lair:1   | Gained mutation: You are strong-willed. (Will+) [potion of
                  | mutation]
 15065 | Lair:2   | Noticed a five-headed hydra
 15069 | Lair:2   | Killed a seven-headed hydra
 15077 | Lair:2   | Found a staircase to the Swamp.
 15080 | Lair:2   | Noticed a catoblepas
 15089 | Lair:2   | Killed a catoblepas
 15090 | Lair:2   | Reached XP level 13. HP: 109/123 MP: 14/14
 15457 | Lair:2   | Found a staircase to the Snake Pit.
 15630 | Orc:1    | Entered Level 1 of the Orcish Mines
 15630 | Orc:1    | Found an iron altar of Okawaru.
 15785 | Orc:2    | Entered Level 2 of the Orcish Mines
 15809 | Orc:2    | Noticed an orc warlord
 15819 | Orc:2    | Killed an orc warlord
 15940 | Orc:2    | Found a staircase to the Elven Halls.
 15942 | Orc:2    | Noticed Jorgrun
 15951 | Orc:2    | Killed Jorgrun
 15952 | Orc:2    | Reached skill level 15 in Fighting
 15969 | Orc:2    | Noticed an orc warlord
 15970 | Orc:2    | Reached skill level 5 in Dodging
 16033 | Orc:2    | Gained Beowulf as an ally
 16033 | Orc:2    | Your ally Beowulf died
 16038 | Orc:2    | Killed Donald
 16500 | Orc:2    | Found Fozam's General Store.
 16501 | Orc:2    | Found Ebep Zafroel's Book Shop.
 16502 | Orc:2    | Found Fukkuefu's Antique Armour Shop.
 16502 | Orc:2    | Found Fegeifiu's Antique Weapon Boutique.
 16664 | Orc:2    | Gained Morguth as an ally
 16875 | Orc:1    | Found a roughly hewn altar of Beogh.
 17640 | Lair:2   | Found a blossoming altar of Fedhas.
 17941 | Lair:2   | Noticed Harold
 17947 | Lair:2   | Killed Harold
 18274 | Lair:3   | Reached XP level 14. HP: 137/138 MP: 17/17
 18277 | Lair:3   | Gained Harm as an ally
 18391 | Lair:3   | Reached skill level 15 in Armour
 18546 | Lair:3   | Gained Boruk as an ally
 18626 | Lair:3   | Reached skill level 5 in Invocations
 18626 | Lair:3   | Reached ****** piety under Beogh
 19212 | Lair:4   | Found a staircase to the Slime Pits.
 19236 | Lair:4   | Found a viscous altar of Jiyva.
 20260 | Lair:5   | Entered Level 5 of the Lair of Beasts
 20406 | Lair:5   | Gained Brandogh as an ally
 20459 | Lair:5   | Noticed Rupert
 20467 | Lair:5   | Killed Rupert
 20869 | Lair:5   | Got Cidofux's Compilation of Mud
 21829 | Orc:2    | Bought a pair of boots for 117 gold pieces
 22127 | D:13     | Gained Boldo as an ally
 22354 | D:13     | Found a hide-covered altar of Uskayaw.
 22629 | D:14     | Identified the +3 scale mail "Etwua" {rPois rCorr}
 22765 | D:14     | Reached XP level 15. HP: 94/149 MP: 19/19
 23397 | D:14     | Found a gate to the Vaults.
 23406 | D:14     | Reached skill level 17 in Axes
 24362 | D:14     | Identified the +7 lajatang "Sydaezepp" {holy, *Noise rCorr
                  | Str+3 Int+3}
 24559 | D:15     | Entered Level 15 of the Dungeon
 24597 | D:15     | Found Xeloh's Distillery.
 24936 | D:15     | Gained Koronagh as an ally
 25540 | D:15     | Found a staircase to the Depths.
 25969 | Snake:1  | Entered Level 1 of the Snake Pit
 25999 | Snake:1  | Found Asa Werru's Self-Improvement Boutique.
 26019 | Snake:1  | Bought a manual of Armour for 1360 gold pieces
 26356 | Snake:1  | Reached skill level 18 in Axes
 26643 | Snake:1  | Identified the +7 glaive of the Fulmar {holy, *Slow Fly
                  | rElec rF-}
 26845 | Snake:1  | Your ally Nergalle died
 26849 | Snake:1  | Your ally Morguth died
 26849 | Snake:1  | Your ally Boruk died
 26849 | Snake:1  | Your ally Harm died
 26854 | Snake:1  | Your ally Koronagh died
 27645 | Swamp:1  | Entered Level 1 of the Swamp
 27886 | Swamp:1  | Noticed Mlioglotl
 27894 | Swamp:1  | Killed Mlioglotl
 27895 | Swamp:1  | Reached skill level 19 in Axes
 28049 | Swamp:1  | Your ally Boldo died
 28064 | Swamp:1  | Lost mutation: You are strong-willed. (Will+) [potion of
                  | mutation]
 28064 | Swamp:1  | Gained mutation: You have large cloven feet. [potion of
                  | mutation]
 28064 | Swamp:1  | Gained mutation: You occasionally lose the ability to drink
                  | potions when taking damage. [potion of mutation]
 28065 | Swamp:1  | Lost mutation: You have large cloven feet. [potion of
                  | mutation]
 28065 | Swamp:1  | Lost mutation: You occasionally lose the ability to drink
                  | potions when taking damage. [potion of mutation]
 28065 | Swamp:1  | Gained mutation: You have a pair of small horns on your
                  | head. [potion of mutation]
 28065 | Swamp:1  | Lost mutation: You have a pair of small horns on your head.
                  | [potion of mutation]
 28110 | Swamp:1  | Got the Exposition on the Unfortunate Deep Freeze
 28151 | Swamp:1  | Found an ancient bone altar of Kikubaaqudgha.
 28313 | Swamp:1  | Noticed Frances
 28323 | Swamp:1  | Killed Frances
 28395 | Swamp:1  | Reached XP level 16. HP: 143/159 MP: 20/20
 28589 | Swamp:2  | Found a frozen archway.
 28595 | Swamp:2  | Your ally Nergalle died
 28596 | Swamp:2  | Your ally Brandogh died
 28598 | Swamp:2  | HP: 6/159 [deep troll simulacrum (9)]
 28598 | Swamp:2  | Mangled by a deep troll simulacrum

Illustrated notes

Levels and vault maps discovered:
D:1:      dpeg_arrival_three_bigger_balls, layout_rooms
D:2:      layout_loops_corners, basic_altar, uniq_natasha
D:3:      layout_rooms, st_stairs_10, uniq_ijyb, uniq_jessica
D:4:      layout_cave_pools, general_overflow_altar, serial_shops,
          nicolae_shop_hallway_stairs, uniq_pikel, uniq_blork_the_orc
D:5:      layout_rooms, nicolae_overflow_two_pavilions,
          minmay_temple_entry_wispy, abandoned_shop, uniq_prince_ribbit1,
          uniq_crazy_yiuf_cottage, uniq_duvessa
D:6:      layout_cave_pools
D:7:      layout_gridville
D:8:      layout_basic, nicolae_yredelemnul_corpse_copse,
          grunt_temple_overflow_open
D:9:      layout_roguey, kennysheep_mini, erik_lair_orcish_takeover, minmay_bent
D:10:     layout_layer_cave, minmay_orc_entry_temple_small, serial_shops,
          kennysheep_little_box, ebering_ghost_gozag, minmay_gold_behind_fungi,
          grunt_decor_arrowhead, minmay_misc_feat_rows,
          minmay_fractal_squares_diagonal_5, uniq_psyche, uniq_fannar
D:11:     layout_stronghold, uniq_josephine
D:12:     layout_basic, nemelex_spade_bored_becter, uniq_nergalle
D:13:     layout_loops_cross, nicolae_uskayaw_en_pointe
D:14:     minmay_triangles_in_corner, layout_stronghold,
          lightli_vaults_fourway_checkpoint, solitary_fountain
D:15:     grunt_enter_depths_magical_seal, layout_stronghold,
          serial_bayou_pond_c, serial_shops, shop
Lair:1:   layout_hall_layers
Lair:2:   layout_misc_corridors, swamp_mist, guppyfry_snake_entry_garden,
          tgw_fedhas, serial_bayou_shore_b, uniq_harold
Lair:3:   layout_misc_corridors
Lair:4:   layout_cave_pods, slime_entry_1, lemuel_fruit_tree,
          infiniplex_staircase_pool, grunt_megastairs_3
Lair:5:   minmay_lair_end_enchanted_forest, layout_gridlike, uniq_rupert
Swamp:1:  layout_basic_swamp, lemuel_altar_in_water, uniq_frances,
          uniq_mlioglotl
Swamp:2:  layout_basic_swamp, portal_ice_cave_entry_ice_simulacra,
          nicolae_swamp_orc_logging_accident
Snake:1:  cheibrodos_snake_lava_hold, layout_concentric_octagons,
          nicolae_shop_self_help
Snake:2:  layout_layer_cave
Orc:1:    layout_caves, basic_altar, okawaru_metal_pillars_3
Orc:2:    st_orc_congregation, layout_caves, uniq_jorgrun, uniq_donald

Skill      XL: |  1  2  3  4  5  6  7  8  9 10 11 12 13 14 15 |
---------------+----------------------------------------------+-----
Axes           | 5 6 7 8 10 11 13 14 15 16 19 | 19.6
Armour         | 1 3 4 6 8 11 13 14 16 | 16.7
Fighting       | 5 6 9 10 11 13 16 18 | 18.7
Dodging        | 3 4 5 7 |  7.5
Invocations    | 1 2 4 5 6 |  6.4

Action                     |  1- 3 |  4- 6 |  7- 9 | 10-12 | 13-15 | 16-18 || total
---------------------------+-------+-------+-------+-------+-------+-------++-------
  Melee: Hand axe          |    86 |   146 |    50 |       |       |       ||   282
         War axe           |       |       |   156 |   508 |   335 |       ||   999
         Executioner's axe |       |       |       |       |   242 |     7 ||   249
  Throw: Throwing net      |       |       |       |       |     4 |       ||     4
 Invoke: Convert to Beogh  |       |     1 |       |       |       |       ||     1
         Recall Orcish Fol |       |       |       |     8 |    24 |     1 ||    33
         Smiting           |       |       |       |     2 |    13 |       ||    15
         Give Item to Name |       |       |       |       |     5 |       ||     5
         Resurrection      |       |       |       |       |     1 |       ||     1
  Evoke: Wand              |       |       |     3 |    19 |     5 |       ||    27
    Use: Scroll            |     2 |     5 |     6 |    11 |    12 |     1 ||    37
         Potion            |       |     2 |     4 |    12 |    13 |     1 ||    32
   Stab: Paralysed         |       |       |     4 |       |       |       ||     4
         Distracted        |       |       |       |     4 |    10 |     1 ||    15
         Invisible         |       |       |       |     1 |       |       ||     1
         Confused          |       |       |       |       |     1 |       ||     1
 Armour: Robe              |     9 |       |       |       |       |       ||     9
         Leather armour    |     5 |       |       |       |       |       ||     5
         Ring mail         |     7 |    46 |     8 |       |       |       ||    61
         Scale mail        |       |       |    54 |       |       |       ||    54
         Chain mail        |       |       |    32 |   247 |   177 |       ||   456
         Plate armour      |       |       |       |       |   267 |    10 ||   277
  Dodge: Dodged            |    58 |    69 |   117 |   206 |   282 |     2 ||   734
